| TOP OF THE 1ST |
|
Pittsburgh Pirates batting - Pitching for Milwaukee Brewers : LHP Dale Ahernfeld
|
|
Pitching: LHP Dale Ahernfeld
|
|
|
Batting: RHB Chiel Palstermans
|
0-0: Ball 1-0: Called Strike 1-1: Called Strike 1-2: Foul Ball, location: 2F 1-2: Strikes out swinging
|
|
Batting: SHB Brad Day
|
0-0: Ball 1-0: Foul Ball, location: 2F 1-1: Called Strike 1-2: Foul Ball, location: 2F 1-2: Strikes out swinging
|
|
Batting: SHB Marvin McAleer
|
0-0: Ball 1-0: Ground out 6-3 (Groundball, 6, EV 82.5 MPH)
|
| Top of the 1st over - 0 runs, 0 hits, 0 errors, 0 left on base; Pittsburgh 0 - Milwaukee 0 |
| BOTTOM OF THE 1ST |
|
Milwaukee Brewers batting - Pitching for Pittsburgh Pirates : LHP Sam Richardson
|
|
Pitching: LHP Sam Richardson
|
|
|
Batting: RHB Akitada Nishizawa
|
0-0: Ball 1-0: SOLO HOME RUN (Flyball, 78XD, EV 110.6 MPH), Distance : 418 ft
|
|
Batting: LHB Eric Klasek
|
0-0: Ball 1-0: Ball 2-0: Foul Ball, location: 2F 2-1: Ground out 4-3 (Groundball, 4, EV 101.2 MPH)
|
|
Batting: SHB Lewis Thorpe Jr.
|
0-0: Called Strike 0-1: Called Strike 0-2: Ball 1-2: Ball 2-2: Foul Ball, location: 2F 2-2: Fly out, F7 (Flyball, 7S, EV 93.8 MPH)
|
|
Batting: SHB Junzo Kato
|
0-0: Called Strike 0-1: Ball 1-1: SINGLE (Line Drive, 34D, EV 93.8 MPH)
|
|
Batting: RHB Dave Gonzalez
|
0-0: Called Strike 0-1: Ground out 1-3 (Groundball, 34S, EV 69.4 MPH)
|
| Bottom of the 1st over - 1 run, 2 hits, 0 errors, 1 left on base; Pittsburgh 0 - Milwaukee 1 |
| TOP OF THE 2ND |
|
Pittsburgh Pirates batting - Pitching for Milwaukee Brewers : LHP Dale Ahernfeld
|
|
Batting: RHB David Contreras
|
0-0: Called Strike 0-1: Swinging Strike 0-2: Strikes out swinging
|
|
Batting: RHB Jorge Severiano
|
0-0: Ball 1-0: Ball 2-0: Swinging Strike 2-1: Called Strike 2-2: SINGLE (Groundball, 15S, EV 69.4 MPH) (infield hit)
|
|
Batting: LHB Micah Boshnjaku
|
Pickoff Throw to First - Error! E1 Jorge Severiano to second 0-0: Fly out, F7 (Flyball, 7LS, EV 83.1 MPH)
|
|
Batting: RHB Jason Moss
|
0-0: Ball 1-0: SINGLE (Groundball, 4MD, EV 97.5 MPH) Jorge Severiano to third Runner from 3rd tries for Home, SAFE, throw by CF to home Jason Moss to second
|
|
Batting: LHB Xavier Pittman
|
0-0: Foul Ball, location: 2F 0-1: Foul Ball, location: 2F 0-2: Ball 1-2: SINGLE (Line Drive, 78S, EV 100.0 MPH) Jason Moss to third Runner from 3rd tries for Home, SAFE, throw by LF to home
|
|
Batting: SHB Jack Andrews
|
0-0: Ball 1-0: Fielders Choice at 2nd, 6-4 (Groundball, 6, EV 83.1 MPH)
|
| Top of the 2nd over - 2 runs, 3 hits, 1 error, 1 left on base; Pittsburgh 2 - Milwaukee 1 |
| BOTTOM OF THE 2ND |
|
Milwaukee Brewers batting - Pitching for Pittsburgh Pirates : LHP Sam Richardson
|
|
Batting: RHB Ryan Neal
|
0-0: Foul Ball, location: 2F 0-1: Foul Ball, location: 2F 0-2: Ball 1-2: Ball 2-2: Ball 3-2: Fly out, F4 (Line Drive, 4, EV 72.5 MPH)
|
|
Batting: RHB Ben Campbell
|
0-0: Called Strike 0-1: Foul Ball, location: 2F 0-2: Foul Ball, location: 2F 0-2: Ball 1-2: Ground out 3-1 (Groundball, 34S, EV 86.9 MPH)
|
|
Batting: LHB Ernesto Cedillos
|
0-0: Foul Ball, location: 2F 0-1: Foul Ball, location: 2F 0-2: Ball 1-2: Strikes out swinging
|
| Bottom of the 2nd over - 0 runs, 0 hits, 0 errors, 0 left on base; Pittsburgh 2 - Milwaukee 1 |
| TOP OF THE 3RD |
|
Pittsburgh Pirates batting - Pitching for Milwaukee Brewers : LHP Dale Ahernfeld
|
|
Batting: RHB Chiel Palstermans
|
0-0: Ball 1-0: Foul Ball, location: 2F 1-1: Ball 2-1: Fly out, F8 (Flyball, 8RS, EV 93.1 MPH)
|
|
Batting: SHB Brad Day
|
0-0: Swinging Strike 0-1: Ball 1-1: Ball 2-1: Called Strike 2-2: Foul Ball, location: 2F 2-2: Strikes out swinging
|
|
Batting: SHB Marvin McAleer
|
0-0: Ball 1-0: Ball 2-0: Swinging Strike 2-1: SINGLE (Line Drive, 9S, EV 89.4 MPH)
|
|
Batting: RHB David Contreras
|
0-0: Called Strike 0-1: Ball 1-1: Ball 2-1: Fielders Choice at 2nd, 6-4 (Groundball, 6, EV 76.2 MPH)
|
| Top of the 3rd over - 0 runs, 1 hit, 0 errors, 1 left on base; Pittsburgh 2 - Milwaukee 1 |
| BOTTOM OF THE 3RD |
|
Milwaukee Brewers batting - Pitching for Pittsburgh Pirates : LHP Sam Richardson
|
|
Batting: RHB Noah Stanley
|
0-0: Fly out, F9 (Flyball, 9LD, EV 106.2 MPH)
|
|
Batting: RHB Akitada Nishizawa
|
0-0: Ball 1-0: Ball 2-0: Ball 3-0: Swinging Strike 3-1: Called Strike 3-2: Foul Ball, location: 2F 3-2: Strikes out swinging
|
|
Batting: LHB Eric Klasek
|
0-0: Called Strike 0-1: Swinging Strike 0-2: Strikes out looking
|
| Bottom of the 3rd over - 0 runs, 0 hits, 0 errors, 0 left on base; Pittsburgh 2 - Milwaukee 1 |
| TOP OF THE 4TH |
|
Pittsburgh Pirates batting - Pitching for Milwaukee Brewers : LHP Dale Ahernfeld
|
|
Batting: RHB Jorge Severiano
|
0-0: Called Strike 0-1: Ball 1-1: Called Strike 1-2: Ball 2-2: Ball 3-2: SINGLE (Flyball, 8LS, EV 91.2 MPH)
|
|
Batting: LHB Micah Boshnjaku
|
0-0: Ball 1-0: Foul Ball, location: 2F 1-1: Foul Ball, location: 2F 1-2: Ball 2-2: Fly out, F9 (Line Drive, 89M, EV 88.8 MPH)
|
|
Batting: RHB Jason Moss
|
0-0: Swinging Strike 0-1: Ball 1-1: Foul Ball, location: 2F 1-2: Foul Ball, location: 2F 1-2: Foul Ball, location: 2F 1-2: Strikes out swinging
|
|
Batting: LHB Xavier Pittman
|
0-0: Called Strike 0-1: Swinging Strike 0-2: Ball 1-2: Strikes out swinging
|
| Top of the 4th over - 0 runs, 1 hit, 0 errors, 1 left on base; Pittsburgh 2 - Milwaukee 1 |
| BOTTOM OF THE 4TH |
|
Milwaukee Brewers batting - Pitching for Pittsburgh Pirates : LHP Sam Richardson
|
|
Batting: SHB Lewis Thorpe Jr.
|
0-0: Ball 1-0: Foul Ball, location: 2F 1-1: Ball 2-1: Ball 3-1: Base on Balls
|
|
Batting: SHB Junzo Kato
|
0-0: Ball 1-0: Called Strike 1-1: Grounds into double play, 5-4-3 (Groundball, 5, EV 80.6 MPH)
|
|
Batting: RHB Dave Gonzalez
|
0-0: Ball 1-0: Ball 2-0: Called Strike 2-1: Ground out 4-3 (Groundball, 13, EV 83.1 MPH)
|
| Bottom of the 4th over - 0 runs, 0 hits, 0 errors, 0 left on base; Pittsburgh 2 - Milwaukee 1 |
| TOP OF THE 5TH |
|
Pittsburgh Pirates batting - Pitching for Milwaukee Brewers : LHP Dale Ahernfeld
|
|
Batting: SHB Jack Andrews
|
0-0: Ground out 5-3 (Groundball, 56, EV 88.8 MPH)
|
|
Batting: RHB Chiel Palstermans
|
0-0: Ball 1-0: Called Strike 1-1: Fly out, F8 (Flyball, 8RXD, EV 98.8 MPH)
|
|
Batting: SHB Brad Day
|
0-0: SINGLE (Flyball, 6MD, EV 86.9 MPH)
|
|
Batting: SHB Marvin McAleer
|
0-0: Fly out, F9 (Flyball, 9, EV 88.8 MPH)
|
| Top of the 5th over - 0 runs, 1 hit, 0 errors, 1 left on base; Pittsburgh 2 - Milwaukee 1 |
| BOTTOM OF THE 5TH |
|
Milwaukee Brewers batting - Pitching for Pittsburgh Pirates : LHP Sam Richardson
|
|
Batting: RHB Ryan Neal
|
0-0: Swinging Strike 0-1: Ball 1-1: Ball 2-1: Swinging Strike 2-2: Foul Ball, location: 2F 2-2: Foul Ball, location: 2F 2-2: Foul Ball, location: 2F 2-2: Ball 3-2: Ground out 5-3 (Groundball, 56S, EV 90.0 MPH)
|
|
Batting: RHB Ben Campbell
|
0-0: Ball 1-0: Ball 2-0: Ball 3-0: Called Strike 3-1: Base on Balls
|
|
Batting: LHB Ernesto Cedillos
|
0-0: Foul Ball, location: 2F 0-1: Ball 1-1: Foul Ball, location: 2F 1-2: Strikes out swinging
|
|
Batting: RHB Noah Stanley
|
0-0: Ball 1-0: Ball 2-0: Called Strike 2-1: Ball 3-1: Base on Balls Ben Campbell to second
|
|
Batting: RHB Akitada Nishizawa
|
0-0: Swinging Strike 0-1: Foul Ball, location: 2F 0-2: Foul Ball, location: 2F 0-2: Ball 1-2: SINGLE (Groundball, 56D, EV 98.1 MPH) Ben Campbell to third Noah Stanley to second Runner from 3rd tries for Home, SAFE, throw by LF to home
|
|
Batting: LHB Eric Klasek
|
0-0: Foul Ball, location: 2F 0-1: Fielders Choice at 2nd, 5-4 (Groundball, 5, EV 86.2 MPH)
|
| Bottom of the 5th over - 1 run, 1 hit, 0 errors, 2 left on base; Pittsburgh 2 - Milwaukee 2 |
| TOP OF THE 6TH |
|
Pittsburgh Pirates batting - Pitching for Milwaukee Brewers : LHP Dale Ahernfeld
|
|
Batting: RHB David Contreras
|
0-0: Called Strike 0-1: Called Strike 0-2: Ball 1-2: Foul Ball, location: 2F 1-2: Strikes out swinging
|
|
Batting: RHB Jorge Severiano
|
0-0: Swinging Strike 0-1: Ball 1-1: Fly out, F3 (Popup, 3SF, EV 80.0 MPH)
|
|
Batting: LHB Micah Boshnjaku
|
0-0: Swinging Strike 0-1: Ball 1-1: Ball 2-1: Called Strike 2-2: Ball 3-2: Ground out 6-3 (Groundball, 6M, EV 85.6 MPH)
|
| Top of the 6th over - 0 runs, 0 hits, 0 errors, 0 left on base; Pittsburgh 2 - Milwaukee 2 |
| BOTTOM OF THE 6TH |
|
Milwaukee Brewers batting - Pitching for Pittsburgh Pirates : LHP Sam Richardson
|
|
Batting: SHB Lewis Thorpe Jr.
|
0-0: Ball 1-0: Ground out 2-3 (Groundball, 13S, EV 70.0 MPH)
|
|
Batting: SHB Junzo Kato
|
0-0: Called Strike 0-1: Ball 1-1: Foul Ball, location: 2F 1-2: Strikes out swinging
|
|
Batting: RHB Dave Gonzalez
|
0-0: Ball 1-0: Ball 2-0: Ball 3-0: Base on Balls
|
|
Batting: RHB Ryan Neal
|
0-0: Hit by Pitch Dave Gonzalez to second
|
|
Batting: RHB Ben Campbell
|
0-0: Fielders Choice at 2nd, 6-4 (Groundball, 6, EV 86.2 MPH)
|
| Bottom of the 6th over - 0 runs, 0 hits, 0 errors, 2 left on base; Pittsburgh 2 - Milwaukee 2 |
| TOP OF THE 7TH |
|
Pittsburgh Pirates batting - Pitching for Milwaukee Brewers : LHP Dale Ahernfeld
|
|
Pitching: RHP Chitoji Takemoto
|
|
|
Batting: RHB Jason Moss
|
0-0: Called Strike 0-1: Swinging Strike 0-2: Strikes out looking
|
|
Batting: LHB Xavier Pittman
|
0-0: Foul Ball, location: 2F 0-1: Swinging Strike 0-2: Foul Ball, location: 2F 0-2: Fly out, F8 (Flyball, 8LXD, EV 88.1 MPH)
|
|
Batting: SHB Jack Andrews
|
0-0: Called Strike 0-1: Ball 1-1: Fly out, F7 (Flyball, 7LSF, EV 88.8 MPH)
|
| Top of the 7th over - 0 runs, 0 hits, 0 errors, 0 left on base; Pittsburgh 2 - Milwaukee 2 |
| BOTTOM OF THE 7TH |
|
Milwaukee Brewers batting - Pitching for Pittsburgh Pirates : LHP Sam Richardson
|
|
Batting: LHB Ernesto Cedillos
|
0-0: Called Strike 0-1: Called Strike 0-2: Strikes out looking
|
|
Batting: RHB Noah Stanley
|
0-0: Swinging Strike 0-1: Called Strike 0-2: Ball 1-2: Ball 2-2: Foul Ball, location: 2F 2-2: Foul Ball, location: 2F 2-2: Strikes out looking
|
|
Batting: RHB Akitada Nishizawa
|
0-0: Ball 1-0: Ball 2-0: Ball 3-0: Base on Balls
|
|
Pitching: LHP Tim Wichman
|
|
|
Batting: LHB Eric Klasek
|
0-0: Swinging Strike 0-1: Called Strike 0-2: Foul Ball, location: 2F 0-2: Foul Ball, location: 2F 0-2: Strikes out swinging
|
| Bottom of the 7th over - 0 runs, 0 hits, 0 errors, 1 left on base; Pittsburgh 2 - Milwaukee 2 |
| TOP OF THE 8TH |
|
Pittsburgh Pirates batting - Pitching for Milwaukee Brewers : RHP Chitoji Takemoto
|
|
Batting: RHB Chiel Palstermans
|
0-0: Ball 1-0: Ground out 6-3 (Groundball, 6, EV 91.9 MPH)
|
|
Batting: SHB Brad Day
|
0-0: Ball 1-0: Ball 2-0: Ball 3-0: Called Strike 3-1: Foul Ball, location: 2F 3-2: Strikes out swinging
|
|
Batting: SHB Marvin McAleer
|
0-0: Foul Ball, location: 2F 0-1: Foul Ball, location: 2F 0-2: Foul Ball, location: 2F 0-2: SINGLE (Line Drive, 34D, EV 105.0 MPH)
|
|
Batting: RHB David Contreras
|
0-0: Ball Marvin McAleer steals 2nd base 1-0: SINGLE (Groundball, P, EV 92.5 MPH) (infield hit) Marvin McAleer to third
|
|
Batting: RHB Jorge Severiano
|
0-0: Ball 1-0: Swinging Strike 1-1: Called Strike 1-2: Ball 2-2: Foul Ball, location: 2F 2-2: Foul Ball, location: 2F 2-2: Ball 3-2: 3-RUN HOME RUN (Flyball, 78XD, EV 103.8 MPH), Distance : 423 ft
|
|
Pitching: RHP Cody Autry
|
|
|
Batting: LHB Micah Boshnjaku
|
0-0: Foul Ball, location: 2F 0-1: Ball 1-1: Foul Ball, location: 2F 1-2: Fly out, F8 (Flyball, 8RD, EV 106.9 MPH)
|
| Top of the 8th over - 3 runs, 3 hits, 0 errors, 0 left on base; Pittsburgh 5 - Milwaukee 2 |
| BOTTOM OF THE 8TH |
|
Milwaukee Brewers batting - Pitching for Pittsburgh Pirates : LHP Tim Wichman
|
|
Batting: SHB Lewis Thorpe Jr.
|
0-0: Ball 1-0: Foul Ball, location: 2F 1-1: Called Strike 1-2: SINGLE (Groundball, 15S, EV 65.0 MPH) (infield hit)
|
|
Batting: SHB Junzo Kato
|
0-0: Grounds into double play, 6-4-3 (Groundball, 6, EV 108.8 MPH)
|
|
Batting: RHB Dave Gonzalez
|
0-0: DOUBLE (Line Drive, 9LS, EV 95.0 MPH)
|
|
Batting: RHB Ryan Neal
|
0-0: Called Strike 0-1: Ball 1-1: Swinging Strike 1-2: Ball 2-2: Strikes out looking
|
| Bottom of the 8th over - 0 runs, 2 hits, 0 errors, 1 left on base; Pittsburgh 5 - Milwaukee 2 |
| TOP OF THE 9TH |
|
Pittsburgh Pirates batting - Pitching for Milwaukee Brewers : RHP Cody Autry
|
|
Batting: RHB Jason Moss
|
0-0: Foul Ball, location: 2F 0-1: Foul Ball, location: 2F 0-2: Strikes out swinging
|
|
Batting: LHB Xavier Pittman
|
0-0: Ball 1-0: Swinging Strike 1-1: Called Strike 1-2: Ball 2-2: Strikes out swinging
|
|
Batting: SHB Jack Andrews
|
0-0: Ball 1-0: Called Strike 1-1: Called Strike 1-2: Ground out 4-3 (Groundball, 4, EV 80.0 MPH)
|
| Top of the 9th over - 0 runs, 0 hits, 0 errors, 0 left on base; Pittsburgh 5 - Milwaukee 2 |
| BOTTOM OF THE 9TH |
|
Milwaukee Brewers batting - Pitching for Pittsburgh Pirates : LHP Tim Wichman
|
|
Pitching: RHP Jeremy Kennie
|
|
|
Batting: RHB Ben Campbell
|
0-0: Called Strike 0-1: Called Strike 0-2: Ball 1-2: Ball 2-2: Ball 3-2: Base on Balls
|
|
Batting: LHB Ernesto Cedillos
|
0-0: Ball 1-0: Ball 2-0: Ball 3-0: Called Strike 3-1: SINGLE (Groundball, 34S, EV 85.6 MPH) (infield hit) Ben Campbell to second
|
|
Batting: RHB Noah Stanley
|
0-0: Swinging Strike 0-1: Called Strike 0-2: Foul Ball, location: 2F 0-2: Foul Ball, location: 2F 0-2: Strikes out swinging
|
|
Batting: RHB Akitada Nishizawa
|
0-0: Ball 1-0: Ball 2-0: Ball 3-0: Called Strike 3-1: Grounds into double play, 6-4-3 (Groundball, 6, EV 81.9 MPH)
|
| Bottom of the 9th over - 0 runs, 1 hit, 0 errors, 1 left on base; Pittsburgh 5 - Milwaukee 2 |
|